 Dungeon Crawl Stone Soup version 0.20.1-1-g8b1a95d (webtiles) character file.

524 homeworkjunkie the Chopper (level 7, -11/60 HPs)
             Began as a Hill Orc Fighter on Nov 24, 2017.
             Was a Follower of Okawaru.
             Mangled by an ogre
             ... wielding a +0 giant club
              (17 damage)
             ... on level 4 of the Dungeon.
             The game lasted 00:05:21 (2803 turns).

homeworkjunkie the Chopper (Hill Orc Fighter)       Turns: 2803, Time: 00:05:22

Health: -11/60     AC:  9    Str: 20    XL:     7   Next: 22%
Magic:  7/7        EV:  7    Int:  8    God:    Okawaru [*.....]
Gold:   154        SH:  9    Dex: 11    Spells: 6/6 levels left

rFire    . . .     SeeInvis .   a - +0 war axe
rCold    . . .     Gourm    .   c - +0 shield
rNeg     . . .     Faith    .   b - +0 scale mail
rPois    .         Spirit   .   d - +0 helmet
rElec    .         Reflect  .   l - +0 cloak {+Inv}
rCorr    .         Harm     .   (no gloves)
MR       .....                  (no boots)
Stlth    ..........             (no amulet)
Regen    0.2/turn               (no ring)
MPRegen  0.1/turn               (no ring)

@: very slightly contaminated
A: no striking features
a: Heroism, Renounce Religion, Evoke Invisibility


You were on level 4 of the Dungeon.
You worshipped Okawaru.
Okawaru was aware of your devotion.
You were not hungry.

You visited 1 branch of the dungeon, and saw 4 of its levels.

You collected 154 gold pieces.

Inventory:

Hand Weapons
 a - a +0 war axe (weapon)
Armour
 b - a +0 scale mail (worn)
 c - a +0 shield (worn)
 d - a +0 helmet (worn)
 l - a +0 cloak of invisibility (worn)
Scrolls
 g - 3 scrolls of identify
 h - a scroll of teleportation
 n - a scroll of remove curse
Potions
 m - 3 potions of flight
Comestibles
 f - 2 bread rations
 j - 2 meat rations


   Skills:
 * Level 4.7 Fighting
 * Level 7.0 Axes
 * Level 4.9 Armour
 + Level 0.5 Dodging
 + Level 0.3 Stealth
 * Level 4.7 Shields


You had 6 spell levels left.
You didn't know any spells.

Dungeon Overview and Level Annotations

Branches:
Dungeon (4/15)
 Temple: D:4-7

Altars:
Dithmenos
Fedhas
Gozag
Makhleb
Okawaru


Message History

You eat one of the 3 bread rations.
That bread ration really hit the spot!
Okay, then.
Firing (i - inventory): No suitable missiles.
Press: ? - help, Shift-Dir - straight line, f - shadow imp
Aim: a shadow imp
Okay, then.
You fail to use your ability.
You fail to use your ability.
You fail to use your ability.
You block the ogre's attack.
You slash the ogre!
The ogre is moderately wounded.
The ogre hits you with a giant club!!
You barely miss the ogre.
The ogre is moderately wounded.
The ogre hits you with a giant club!
* * * LOW HITPOINT WARNING * * *
You slash the ogre!
The ogre is heavily wounded.
The ogre hits you with a giant club!
You die...

##..# .....#
## (..... #..#
......##
###..#
......#####<.#
.......##...##
#...(##...#
#..###.....#
#@## .......#
#O## #........
#5#
#.........##
#..
#..........##
...
.........(#
....
..........
....
#.........
.... #........
#......#


You could see an ogre and a shadow imp.

Vanquished Creatures
  The ghost of ThereIsNoGod the Slasher, an amateur DsBe of Trog (D:3)
  The ghost of Frank the Skirmisher, an amateur OpFi of Dithmenos (D:4)
  A hound (D:3)
  Crazy Yiuf (D:2)
  Terence (D:3)
  Robin (D:3)
  3 adders
  3 gnolls (D:3)
  An ooze (D:3)
  3 worms
  3 dart slugs
  A leopard gecko (D:2)
  3 orcs (D:3)
  6 giant cockroaches
  19 goblins
  7 hobgoblins
  6 jackals
  7 kobolds
  7 bats
  5 frilled lizards
  19 rats
99 creatures vanquished.

Notes
Turn   | Place    | Note
-------+----------+-------------------------------------------
     0 | D:1      | homeworkjunkie the Hill Orc Fighter began the quest for the Orb.
     0 | D:1      | Reached XP level 1. HP: 19/19 MP: 1/1
   160 | D:1      | Reached XP level 2. HP: 25/27 MP: 2/2
   243 | D:1      | Reached skill level 3 in Axes
   404 | D:1      | Reached XP level 3. HP: 27/33 MP: 3/3
   465 | D:2      | Found a shadowy altar of Dithmenos.
   530 | D:2      | Found a runed door.
   534 | D:2      | Noticed Crazy Yiuf
   541 | D:2      | Killed Crazy Yiuf
   541 | D:2      | Reached XP level 4. HP: 10/40 MP: 1/4
   820 | D:2      | Reached skill level 4 in Axes
  1454 | D:2      | Found a blossoming altar of Fedhas.
  1753 | D:3      | Found a burning altar of Makhleb.
  1756 | D:3      | Reached XP level 5. HP: 46/46 MP: 5/5
  1862 | D:3      | Found an iron altar of Okawaru.
  1871 | D:3      | Became a worshipper of Warmaster Okawaru
  1950 | D:3      | Noticed ThereIsNoGod's ghost (amateur DsBe)
  1953 | D:3      | Found an opulent altar of Gozag.
  1965 | D:3      | Killed ThereIsNoGod's ghost
  1965 | D:3      | Reached skill level 5 in Axes
  1965 | D:3      | Reached XP level 6. HP: 34/53 MP: 6/6
  2148 | D:3      | Found an iron altar of Okawaru.
  2339 | D:3      | Noticed Terence
  2346 | D:3      | Killed Terence
  2376 | D:3      | Reached * piety under Okawaru
  2376 | D:3      | Reached skill level 6 in Axes
  2405 | D:3      | Noticed Robin
  2421 | D:3      | Killed Robin
  2761 | D:4      | Noticed Frank's ghost (amateur OpFi)
  2777 | D:4      | Killed Frank's ghost
  2777 | D:4      | Reached skill level 7 in Axes
  2777 | D:4      | Reached XP level 7. HP: 42/60 MP: 5/7
  2803 | D:4      | Mangled by an ogre

Skill      XL: |  1  2  3  4  5  6 |
---------------+-------------------+-----
Axes           | 3 4 5 7 |  7.0
Armour         | 4 |  4.9
Fighting       | 4 |  4.7
Shields        | 4 |  4.7
Dodging        | |  0.5
Stealth        | |  0.3

Action                   |  1- 3 |  4- 6 |  7- 9 || total
-------------------------+-------+-------+-------++-------
Melee: War axe           |    80 |   194 |     3 ||   277
 Abil: Evoke Invisibilit |       |     1 |       ||     1
  Use: Scroll            |     3 |     3 |       ||     6
       Potion            |       |     3 |       ||     3
 Stab: Invisible         |       |     1 |       ||     1
  Eat: Royal jelly       |       |     3 |       ||     3
       Bread ration      |       |       |     1 ||     1
Armor: Scale mail        |    44 |    90 |       ||   134
Dodge: Dodged            |    28 |    63 |       ||    91
Block: Shield            |    49 |   112 |     1 ||   162
